 Dungeon Crawl Stone Soup version 0.16.1-29-g3e760ad (webtiles) character file.

204413 Alarkh the Hand of Fortune (level 18, -3/131 (132) HPs)
             Began as a Mummy Warper on June 7, 2015.
             Was the Champion of Nemelex Xobeh.
             Killed by the raging water
             ... invoked by a water nymph
             ... summoned by a shadow trap
             ... triggered by a tengu reaver
              (17 damage)
             ... on level 1 of the Vaults.
             The game lasted 02:21:03 (44279 turns).

Alarkh the Hand of Fortune (Mummy Warper)          Turns: 44279, Time: 02:21:03

HP:   -3/131 (132)  AC: 23    Str: 15    XL:     18   Next: 1%
MP:   0/35          EV: 14    Int: 17    God:    Nemelex Xobeh [******]
Gold: 2296          SH: 13    Dex: 11    Spells: 6 memorised, 19 levels left

rFire  + . .     SeeInvis +     a - +11 lance "Wyrmbane" {slay drac, +Rage rPois rF+ AC+5}
rCold  + . .     Clarity  .     M - +3 troll leather armour
rNeg   + + +     SustAb   .     y - +2 shield
rPois  ∞         Gourm    .     r - +1 helmet
rElec  .         Spirit   +     z - +1 cloak
rCorr  .         Warding  .     q - +0 pair of gloves
rMut   .         Stasis   .     V - +1 pair of boots {Fly}
MR     ++...                    d - amulet of guardian spirit
Stlth  +.........               o - ring of protection from fire
                                j - ring of see invisible

@: flying, very resistant to hostile enchantments, very unstealthy
A: no food or potions, fire vulnerability, in touch with death, restore body,
cold resistance 1, negative energy resistance 3, poison resistance, torment
resistance, unbreathing
a: Self-Restoration, Triple Draw, Deal Four, Stack Five, Renounce Religion, Stop
Flying
}: 1/15 runes: serpentine


You were on level 1 of the Vaults.
You worshipped Nemelex Xobeh.
Nemelex Xobeh was exalted by your worship.
You were not hungry.

You visited 6 branches of the dungeon, and saw 34 of its levels.
You also visited: Labyrinth, Sewer, Bailey and Volcano.

You collected 3603 gold pieces.
You spent 647 gold pieces at shops.

Inventory:

Hand weapons
 a - the +11 lance "Wyrmbane" (weapon) {slay drac, +Rage rPois rF+ AC+5}
   (You found it on level 8 of the Dungeon)

   It affects your AC (+5).
   It protects you from fire.
   It protects you from poison.
   It lets you go berserk.
 b - the +11 spear "Skeud" {elec, rElec rPois MP+9}
   (You took it off an orc on level 5 of the Dungeon)

   Occasionally, upon striking a foe, it will discharge some electrical energy
   and cause terrible harm.
   It insulates you from electricity.
   It protects you from poison.
   It affects your magic capacity (+9).
Missiles
 C - 7 throwing nets (quivered)
Armour
 i - a fire dragon hide
 q - a +0 pair of gloves (worn)
 r - a +1 helmet (worn)
 y - a +2 shield (worn)
 z - a +1 cloak (worn)
 M - a +3 troll leather armour (worn)
 V - a +1 pair of boots of flying (worn)
Jewellery
 d - an amulet of guardian spirit (around neck)
 g - an uncursed amulet of regeneration
 j - a ring of see invisible (left hand)
 o - a ring of protection from fire (right hand)
 x - an uncursed ring of flight
 E - the amulet "Ile Phegg" {Faith +Fly rElec rC- MP-9 Dex+4}
   (You took it off a big kobold on level 13 of the Dungeon)

   [amulet of faith]

   It allows you to gain divine favour quickly.
   It affects your dexterity (+4).
   It makes you vulnerable to cold.
   It insulates you from electricity.
   It affects your magic capacity (-9).
   It lets you fly.
 G - an uncursed amulet of warding
 H - an uncursed ring of teleportation
Magical devices
 e - a wand of digging (12)
 t - a wand of disintegration (12)
 v - a wand of digging (5)
 w - a wand of hasting (3)
 A - a wand of polymorph (10)
Scrolls
 h - 3 scrolls of magic mapping
 k - 3 scrolls of fog
 p - 11 scrolls of identify
 D - 2 scrolls of remove curse
 I - 7 scrolls of recharging
 K - 2 scrolls of blinking
 U - 3 scrolls of fear
Miscellaneous
 f - a legendary deck of destruction {drawn: 2}
 m - a legendary deck of destruction
 n - a legendary deck of destruction
 s - a legendary deck of war
 u - a legendary deck of war
 B - an ornate deck of war
 F - a fan of gales


   Skills:
 - Level 9.0 Fighting
 - Level 13.0 Polearms
 - Level 0.7 Throwing
 - Level 12.0 Armour
 - Level 9.0 Dodging
 + Level 9.7 Shields
 * Level 10.2 Spellcasting
 - Level 5.0 Charms
 * Level 9.9 Translocations
 + Level 13.5 Evocations


You had 19 spell levels left.
You knew the following spells:

 Your Spells              Type           Power        Failure   Level  Hunger
b - Blink                 Tloc           N/A          1%          2    N/A
c - Phase Shift           Tloc           #####.....   12%         5    N/A
g - Flight                Chrm/Air       ###.......   21%         3    N/A
h - Control Teleport      Chrm/Tloc      ####......   10%         4    N/A
r - Apportation           Tloc           #####.....   1%          1    N/A
z - Spectral Weapon       Hex/Chrm       ###.....     21%         3    N/A

Dungeon Overview and Level Annotations

Branches:
Dungeon (15/15)            Temple (1/1) D:4            Lair (8/8) D:8
 Shoals (0/5) Lair:4        Snake (5/5) Lair:5        Slime (0/6) Lair:7
    Orc (4/4) D:9             Elf (0/3) Orc:3        Vaults (1/5) D:13
 Depths (0/5) D:15

Altars:
Ashenzari
Cheibriados
Dithmenos
Elyvilon
Fedhas
Gozag
Kikubaaqudgha
Makhleb
Nemelex Xobeh
Okawaru
Qazlal
Ru
Sif Muna
Trog
Vehumet
Xom
Yredelemnul
Zin
The Shining One
Jiyva

Shops:
D:6 *   D:14 [([   Orc:4 ??%!(   Snake:4 ?

Portals:
Trove: D:15 (give +4 ice dragon armour)


Innate Abilities, Weirdness & Mutations

You do not eat or drink.
Your flesh is vulnerable to fire.
You are in touch with the powers of death.
You can restore your body by infusing magical energy.
Your flesh is cold resistant.
You are immune to negative energy.
Your system is resistant to poisons.
You are immune to unholy pain and torment.
You can survive without breathing.


Message History

The sentinel's mark upon you fades away.
You puncture the water nymph!
The water nymph is moderately wounded.
The water nymph touches you.
You barely miss the water nymph.
The water nymph is moderately wounded.
You barely miss the water nymph.
The water nymph is moderately wounded.
The water nymph casts a spell at you. The water rises up and strikes you!
* * * LOW HITPOINT WARNING * * *
You block the slime creature's attack.
You hit the water nymph but do no damage.
The water nymph is moderately wounded.
You closely miss the water nymph.
The water nymph is moderately wounded.
The water nymph casts a spell at you. The water rises up and strikes you!
You die...
Your body glows with a rainbow of weird colours and disappears.

#HgGc....#
#.T.htH..#
#..CHF5..#
#..YmB...#
#.*≈c%...#
#........#
#........#
####(########
#§@#..#
#Jm#C.#
#≈≈#..#
###)##†#
..#§!#.. +..
a§#..# #. §#
.# #. B# .# #
) #


You could see a slime creature and a water nymph.

Vanquished Creatures
  Saint Roka (Snake:5)
  Vashnia (Snake:2)
  2 storm dragons
  Roxanne (Snake:3)
  9 greater nagas
  Aizul (Snake:2)
  A fire giant (Vaults:1)
  Jorgrun (Snake:2)
  A stone giant (Orc:4)
  An ettin (Vaults:1)
  Snorg (D:15)
  4 vault guards (D:13)
  A great orb of eyes (Vaults:1)
  Josephine (D:15)
  8 hydras
  2 fire dragons
  Harold (Lair:3)
  An ice dragon (D:15)
  15 naga warriors
  4 centaur warriors
  6 catoblepae
  2 ogre magi (D:13)
  7 anacondas
  A deep troll earth mage (D:13)
  23 death yaks
  A hell hog (Snake:1)
  7 shock serpents
  16 naga sharpshooters
  A salamander mystic (Snake:4)
  3 orc high priests (Orc:4)
  A deep elf knight (D:13)
  A giant leech (Vaults:1)
  18 hill giants
  7 sea snakes (Snake:5)
  A flayed ghost (D:13)
  3 unseen horrors (D:13)
  4 naga ritualists
  7 ugly things
  2 griffons
  7 mana vipers
  4 orc knights
  6 cyclopes
  2 orc sorcerers
  3 manticores
  5 salamanders
  11 elephants
  3 sirens (Lair:4)
  An apocalypse crab (Snake:1)
  23 black mambas
  A molten gargoyle (Volcano)
  26 naga magi
  A smoke demon (Snake:1)
  3 gargoyles (D:13)
  2 guardian serpents
  10 spiny frogs
  2 fire drakes
  2 yaktaurs
  2 kobold demonologists
  8 two-headed ogres
  A tengu conjurer (D:13)
  4 komodo dragons
  2 wandering mushrooms (Lair:5)
  2 merfolk
  16 blink frogs
  A tengu simulacrum (Vaults:1)
  A polar bear (Lair:7)
  2 trolls (D:13)
  A boulder beetle (Vaults:1)
  8 slime creatures
  4 ravens
  2 basilisks
  2 deep elf magi (D:13)
  An air elemental (Orc:4)
  A vampire (D:13)
  4 wraiths (D:15)
  2 fire elementals (Volcano)
  6 wyverns
  Grum (D:11)
  9 wolves
  A shadow (D:13)
  A mottled dragon (Vaults:1)
  12 hippogriffs
  63 yaks
  4 hungry ghosts
  6 wargs
  A vampire mosquito (Vaults:1)
  38 nagas
  2 steam dragons
  A hell hound (Snake:1)
  43 orc warriors
  20 water moccasins
  5 porcupines
  2 eyes of draining
  2 black bears
  3 necrophages
  5 ice beasts
  10 boggarts
  5 phantoms
  A wasp (D:7)
  2 sky beasts
  11 centaurs
  11 ogres
  A boring beetle (shapeshifter) (D:14)
  A boring beetle (Snake:5)
  15 crocodiles
  24 giant frogs
  15 big kobolds
  3 brain worms
  A wyvern zombie (D:10)
  4 scorpions
  3 wyvern skeletons
  A water moccasin skeleton (D:9)
  14 wights
  3 electric eels
  10 killer bees
  5 centaur zombies
  2 goliath beetles
  5 crimson imps
  3 giant frog zombies
  5 hounds
  33 orc priests
  10 iguanas
  2 jellies
  A giant frog skeleton (D:13)
  5 centaur skeletons
  A gnoll shaman (D:7)
  A quasit (D:13)
  2 hell rats
  30 orc wizards
  4 worker ants
  Ijyb (D:6)
  Jessica (D:2)
  47 sheep
  A hound zombie (D:5)
  A hound skeleton (D:11)
  2 worker ant zombies
  2 gnolls
  31 adders
  96 river rats
  3 shadow imps
  4 giant mites
  7 worms
  2 adder skeletons (D:4)
  7 giant geckos
  4 oozes
  195 orcs
  7 ball pythons
  A bat skeleton (D:4)
  4 giant cockroaches
  29 goblins
  14 hobgoblins
  10 jackals
  11 quokkas
  20 bats
  A giant gecko skeleton (D:8)
  2 giant gecko zombies
  7 giant newts
  42 kobolds
  56 rats
  7 rat zombies (D:14)
  A butterfly (Lair:3)
  2 fungi
  A plant (Lair:5)
1432 creatures vanquished.

Vanquished Creatures (collateral kills)
  Frances (Snake:4)
  A greater naga (Snake:5)
  Gastronok (Lair:3)
  2 naga warriors
  Erica (Lair:1)
  A shock serpent (Snake:2)
  2 ugly things
  A salamander (Snake:3)
  An orc sorcerer (Orc:4)
  A centaur zombie (D:10)
  A sixfirhy (Snake:4)
  2 naga magi (Snake:5)
  A spiny frog (Vaults:1)
  A wolf (Lair:1)
  2 vampire mosquitoes (Snake:2)
  3 nagas
  A black bear (D:10)
  2 sky beasts (D:10)
  A necrophage (D:10)
  4 orc warriors
  A giant frog (Snake:2)
  3 killer bees
  A worker ant (D:10)
  An iguana (Lair:1)
  A worker ant zombie (D:10)
  5 river rats (Lair:1)
  8 orcs
  A quokka (Lair:1)
  A giant newt (D:5)
52 creatures vanquished.

Vanquished Creatures (others)
  15 spectral weapons
  An anaconda (Snake:5)
  An orc high priest (Orc:4)
  A naga sharpshooter (Snake:5)
  A sun demon (Snake:5)
  An ugly thing (Lair:1)
  An orange demon (D:13)
  A molten gargoyle (Snake:5)
  3 raiju
  2 air elementals
  2 basilisks (Bailey)
  7 vampire mosquitoes (Snake:2)
  2 mottled dragons (Bailey)
  A hell hound (D:13)
  2 orc warriors (Orc:4)
  A boggart (Vaults:1)
  A sky beast (D:15)
  A centaur (Snake:5)
  A giant frog (Vaults:1)
  A boring beetle (Snake:5)
  An electric eel (Snake:5)
  6 killer bees
  A hound (Vaults:1)
  6 orc priests (Orc:4)
  4 orc wizards (Orc:4)
  6 orcs
  11 fungi
  5 plants (Lair:8)
86 creatures vanquished.

Grand Total: 1570 creatures vanquished

Notes
Turn   | Place    | Note
--------------------------------------------------------------
     0 | D:1      | Alarkh, the Mummy Warper, began the quest for the Orb.
     0 | D:1      | Reached XP level 1. HP: 16/16 MP: 3/3
   261 | D:1      | Reached XP level 2. HP: 16/22 MP: 4/4
   598 | D:2      | Learned a level 2 spell: Blink
   724 | D:2      | Reached XP level 3. HP: 23/27 MP: 6/6
  1008 | D:2      | Reached skill level 3 in Polearms
  1339 | D:2      | Reached XP level 4. HP: 28/33 MP: 7/7
  1346 | D:2      | Noticed Jessica
  1364 | D:2      | Killed Jessica
  1887 | D:3      | Reached skill level 4 in Polearms
  2734 | D:3      | Reached XP level 5. HP: 36/38 MP: 9/9
  3886 | D:4      | Found a sparkling altar of Nemelex Xobeh.
  3890 | D:4      | Found a shadowy altar of Dithmenos.
  3890 | D:4      | Noticed a phantom
  4220 | D:4      | Reached skill level 5 in Polearms
  4235 | D:4      | Found a stormy altar of Qazlal.
  4278 | D:4      | Became a worshipper of Nemelex Xobeh the Trickster
  4385 | D:4      | Received a gift from Nemelex Xobeh
  4500 | D:4      | Found a staircase to the Ecumenical Temple.
  4543 | D:4      | Killed a phantom
  4543 | D:4      | Reached skill level 1 in Evocations
  4543 | D:4      | Reached XP level 6. HP: 20/44 MP: 10/10
  4562 | Temple   | Entered the Ecumenical Temple
  4981 | D:5      | Entered Level 5 of the Dungeon
  5188 | D:5      | Reached XP level 7. HP: 40/50 MP: 12/12
  5192 | D:5      | Found a glowing drain.
  5340 | Sewer    | Entered a sewer
  5365 | Sewer    | Reached skill level 6 in Polearms
  5793 | D:5      | Found a deep blue altar of Sif Muna.
  6019 | D:5      | Drew Focus: Int increased to 15, Dex decreased to 10
  6405 | D:5      | Got an ichor-stained spear {elec}
  6607 | D:5      | Identified the +11 spear "Skeud" {elec, rElec rPois MP+9} (You took it off an orc on level 5 of the Dungeon)
  6821 | D:5      | Reached skill level 7 in Polearms
  6831 | D:5      | Reached XP level 8. HP: 44/56 MP: 13/13
  7266 | D:6      | Noticed Ijyb
  7273 | D:6      | Killed Ijyb
  7643 | D:6      | Received a gift from Nemelex Xobeh
  7781 | D:6      | Found a sacrificial altar of Ru.
  7831 | D:6      | Found Bruonaq's General Store.
  8184 | D:7      | Reached skill level 8 in Polearms
  8358 | D:7      | Found a shattered altar of Ashenzari.
  8618 | D:7      | Received a gift from Nemelex Xobeh
  8749 | D:7      | Acquired Nemelex Xobeh's first power
  8756 | D:7      | Noticed a two-headed ogre
  8760 | D:7      | Killed a two-headed ogre
  8760 | D:7      | Reached skill level 5 in Evocations
  8760 | D:7      | Reached XP level 9. HP: 37/61 MP: 16/16
  9021 | D:7      | Reached skill level 9 in Polearms
  9452 | D:8      | Found a flagged portal.
  9462 | D:8      | Got a transparent spear
  9463 | D:8      | Identified the +5 spear "Shais" {vamp, -Tele +Inv rF+ rC- Str+4} (You found it on level 8 of the Dungeon)
  9469 | Bailey   | Entered a bailey
 10381 | Bailey   | Reached skill level 10 in Polearms
 10711 | Bailey   | HP: 1/61 [orc warrior/bolt (7)]
 11391 | Bailey   | Got a blackened bardiche
 11394 | Bailey   | Noticed an orc knight
 11415 | Bailey   | Killed an orc knight
 11415 | Bailey   | Reached XP level 10. HP: 67/67 MP: 20/20
 11584 | D:8      | Identified the +12 bardiche of Iphungit {venom, rC+ Int+5} (You found it in a bailey)
 11653 | D:8      | Got a crude scale mail
 11659 | D:8      | Found a staircase to the Lair.
 11660 | D:8      | Noticed a komodo dragon
 11672 | D:8      | Killed a komodo dragon
 11743 | D:8      | Received a gift from Nemelex Xobeh
 11900 | D:8      | Reached skill level 11 in Polearms
 12263 | Lair:1   | Entered Level 1 of the Lair of Beasts
 12365 | Lair:1   | Acquired Nemelex Xobeh's second power
 12365 | Lair:1   | Received a gift from Nemelex Xobeh
 12518 | Lair:1   | Found a glowing golden altar of the Shining One.
 12573 | Lair:1   | Noticed Erica
 12609 | Lair:1   | Noticed a red ugly thing
 12613 | Lair:1   | XOM: potion effect (might)
 12934 | D:8      | Noticed a red ugly thing
 12942 | D:8      | Killed a red ugly thing
 13011 | Lair:1   | Noticed a green ugly thing
 13014 | Lair:1   | Killed a green ugly thing
 13021 | Lair:1   | Killed Erica
 13250 | Lair:1   | Noticed a seven-headed hydra
 13266 | Lair:1   | Killed a seven-headed hydra
 13266 | Lair:1   | Reached XP level 11. HP: 30/71 MP: 22/22
 13773 | Lair:1   | Reached skill level 12 in Polearms
 14265 | Lair:2   | Found a blossoming altar of Fedhas.
 14265 | Lair:2   | Received a gift from Nemelex Xobeh
 14401 | Lair:2   | Received a gift from Nemelex Xobeh
 14533 | Lair:2   | Identified the +6 scale mail "Phoas" {rPois SInv} (You found it on level 8 of the Dungeon)
 14607 | Lair:2   | Received a gift from Nemelex Xobeh
 14818 | Lair:2   | Acquired Nemelex Xobeh's third power
 14857 | Lair:2   | Received a gift from Nemelex Xobeh
 15490 | Lair:3   | Received a gift from Nemelex Xobeh
 15709 | Lair:3   | Noticed Harold
 15735 | Lair:3   | Killed Harold
 15758 | Lair:3   | Noticed Gastronok
 16073 | Lair:3   | Noticed a four-headed hydra
 16091 | Lair:3   | Killed a four-headed hydra
 16221 | Lair:3   | Reached skill level 13 in Polearms
 16231 | Lair:3   | Reached skill level 1 in Armour
 16253 | Lair:3   | Received a gift from Nemelex Xobeh
 16513 | Lair:3   | Reached skill level 1 in Shields
 17132 | Lair:3   | Killed Gastronok
 17242 | Lair:4   | Noticed a six-headed hydra
 17271 | Lair:4   | Reached XP level 12. HP: 71/80 MP: 25/25
 17375 | Lair:4   | Found a staircase to the Shoals.
 17454 | Lair:4   | Killed a six-headed hydra
 17458 | Lair:4   | Noticed a death yak
 17460 | Lair:4   | Noticed a death yak
 17461 | Lair:4   | Noticed a death yak
 17615 | Lair:3   | Killed a death yak
 17615 | Lair:3   | Reached skill level 10 in Evocations
 17828 | Lair:4   | Killed a death yak
 17841 | Lair:4   | Killed a death yak
 18025 | Lair:5   | Reached skill level 5 in Armour
 18099 | Lair:5   | Received a gift from Nemelex Xobeh
 18402 | Lair:5   | Reached skill level 5 in Fighting
 18432 | Lair:5   | Found a staircase to the Snake Pit.
 19100 | Lair:5   | Received a gift from Nemelex Xobeh
 19467 | Lair:6   | Reached skill level 5 in Dodging
 19472 | Lair:6   | Reached XP level 13. HP: 81/92 MP: 26/26
 19530 | Lair:6   | Received a gift from Nemelex Xobeh
 19609 | Lair:6   | Noticed a four-headed hydra
 19621 | Lair:6   | Killed a four-headed hydra
 19626 | Lair:6   | Received a gift from Nemelex Xobeh
 19965 | Lair:6   | Got a pitted glass ring
 19967 | Lair:6   | Identified the ring "Inato" {rElec rPois rC+ MP-9} (You found it on level 6 of the Lair of Beasts)
 20255 | Lair:7   | Found a staircase to the Slime Pits.
 20460 | Lair:7   | Received a gift from Nemelex Xobeh
 20552 | Lair:7   | Reached skill level 5 in Shields
 20902 | Lair:7   | Received a gift from Nemelex Xobeh
 21103 | Lair:7   | Found a viscous altar of Jiyva.
 21177 | Lair:7   | Received a gift from Nemelex Xobeh
 21519 | Lair:8   | Entered Level 8 of the Lair of Beasts
 21830 | Lair:8   | Received a gift from Nemelex Xobeh
 22440 | Lair:8   | Reached XP level 14. HP: 82/103 MP: 28/28
 23015 | Lair:8   | Got a heavily runed leather armour
 23091 | Lair:8   | Identified the +3 leather armour of Vuwkus Doede {-Tele rElec SInv} (You found it on level 8 of the Lair of Beasts)
 24256 | D:9      | Received a gift from Nemelex Xobeh
 24308 | D:9      | Found a staircase to the Orcish Mines.
 24328 | D:10     | Entered Level 10 of the Dungeon
 24690 | D:9      | Found a basalt altar of Yredelemnul.
 24866 | D:9      | Learned a level 3 spell: Spectral Weapon
 24890 | D:9      | Received a gift from Nemelex Xobeh
 24909 | D:8      | Found a basalt altar of Yredelemnul.
 24909 | D:8      | Found a shimmering altar of Xom.
 25521 | Orc:1    | Entered Level 1 of the Orcish Mines
 25858 | Orc:2    | Received a gift from Nemelex Xobeh
 25873 | Orc:2    | Found a dark tunnel.
 25909 | Volcano  | Entered a volcano
 26746 | Orc:3    | Found a staircase to the Elven Halls.
 26848 | Orc:3    | Paralysed by an orc sorcerer for 2 turns
 27447 | Orc:3    | Received a gift from Nemelex Xobeh
 27807 | Orc:1    | Received a gift from Nemelex Xobeh
 27899 | Orc:4    | Entered Level 4 of the Orcish Mines
 28026 | Orc:4    | Received a gift from Nemelex Xobeh
 28373 | Orc:4    | Reached skill level 1 in Charms
 28424 | Orc:4    | Found Strieton's Magic Scroll Boutique.
 28507 | Orc:4    | Found Okhlel's Weapon Shoppe.
 28507 | Orc:4    | Found Nuodd's Food Emporium.
 28590 | Orc:4    | Found Wavev's Magic Scroll Emporium.
 28593 | Orc:4    | Found Braabeg's Distillery.
 28609 | Orc:4    | Reached skill level 10 in Armour
 28718 | Orc:4    | Received a gift from Nemelex Xobeh
 29138 | D:9      | Hired Neathino the gelid demonspawn for 660 gold.
 29186 | Orc:4    | Bought 2 scrolls of identify for 48 gold pieces
 29210 | Orc:4    | Bought a scroll of identify for 26 gold pieces
 29210 | Orc:4    | Bought a scroll of identify for 26 gold pieces
 29210 | Orc:4    | Bought a scroll of identify for 26 gold pieces
 29210 | Orc:4    | Bought a scroll of identify for 26 gold pieces
 29210 | Orc:4    | Bought a scroll of identify for 26 gold pieces
 29210 | Orc:4    | Bought a scroll of magic mapping for 45 gold pieces
 29368 | D:10     | Received a gift from Nemelex Xobeh
 29593 | D:10     | Identified a -1 rod of inaccuracy (11/11) (You found it on level 10 of the Dungeon)
 29766 | D:10     | Received a gift from Nemelex Xobeh
 30196 | D:11     | Noticed Grum
 30252 | D:11     | Killed Grum
 30259 | D:11     | Identified a +0 rod of inaccuracy (10/10) (You found it on level 11 of the Dungeon)
 30464 | D:11     | Received a gift from Nemelex Xobeh
 30591 | D:11     | You fall through a shaft!
 31346 | D:12     | Reached XP level 15. HP: 112/112 MP: 29/29
 31475 | D:12     | Received a gift from Nemelex Xobeh
 32505 | D:13     | Received a gift from Nemelex Xobeh
 32698 | D:13     | Learned a level 3 spell: Flight
 32947 | D:13     | Noticed a storm dragon
 32949 | D:13     | Noticed a storm dragon
 32952 | D:13     | Reached skill level 5 in Translocations
 33461 | D:14     | Found Loan Ihi's Antique Weapon Shoppe.
 33492 | D:14     | Received a gift from Nemelex Xobeh
 33544 | D:14     | Found a labyrinth entrance.
 33570 | Lab      | Entered a labyrinth
 33705 | D:14     | Identified a +5 rod of destruction (13/13) (You found it in a labyrinth)
 33756 | D:14     | Found Saqaef's Antique Armour Boutique.
 33765 | D:14     | Bought a pair of runed boots for 139 gold pieces
 33883 | D:14     | Reached skill level 5 in Spellcasting
 33926 | D:14     | Received a gift from Nemelex Xobeh
 34178 | D:14     | Found Kammiuw's Antique Armour Shoppe.
 34181 | D:14     | Bought a jewelled helmet for 285 gold pieces
 34196 | D:14     | Identified the +0 helmet of the King {-Tele rElec Regen+ Int+4} (You bought it in a shop on level 14 of the Dungeon)
 35011 | Snake:1  | Entered Level 1 of the Snake Pit
 35113 | Snake:1  | Noticed Azrael
 35117 | Snake:1  | Noticed Azrael
 35117 | Snake:1  | Azrael changed into Azrael the hell hog
 35139 | Snake:1  | Killed Azrael the hell hog
 35493 | Snake:1  | Received a gift from Nemelex Xobeh
 35967 | Snake:2  | Noticed Aizul
 36001 | Snake:2  | Killed Aizul
 36189 | Snake:2  | Noticed Vashnia
 36306 | Snake:2  | Killed Vashnia
 36393 | Snake:2  | Reached XP level 16. HP: 63/119 MP: 17/31
 36577 | Snake:2  | Received a gift from Nemelex Xobeh
 36638 | Snake:2  | Noticed Jorgrun
 36673 | Snake:2  | Killed Jorgrun
 37203 | Snake:3  | Received a gift from Nemelex Xobeh
 37388 | Snake:3  | Noticed Roxanne
 37525 | Snake:3  | Received a gift from Nemelex Xobeh
 37595 | Snake:3  | Noticed Fauniotz the pandemonium lord
 37628 | Snake:3  | Identified the Guide on Poisoning
 37922 | Snake:3  | Learned a level 4 spell: Control Teleport
 37928 | Snake:3  | Learned a level 5 spell: Phase Shift
 38231 | Snake:3  | Received a gift from Nemelex Xobeh
 38618 | Snake:3  | Killed Roxanne
 38620 | Snake:3  | Identified Roxanne's Reference Book on Shifting Clay (You took it off Roxanne on level 3 of the Snake Pit)
 38739 | Snake:4  | Identified a +0 rod of clouds (10/10) (You found it on level 4 of the Snake Pit)
 39094 | Snake:4  | Found a stormy altar of Qazlal.
 39179 | Snake:4  | Noticed Frances
 39194 | Snake:4  | Killed Frances
 39239 | Snake:4  | Found Timiamij's Magic Scroll Shoppe.
 39422 | Snake:4  | Reached skill level 5 in Charms
 39474 | Snake:5  | Entered Level 5 of the Snake Pit
 39474 | Snake:5  | Received a gift from Nemelex Xobeh
 39743 | Snake:5  | Received a gift from Nemelex Xobeh
 40016 | Snake:5  | Noticed Saint Roka
 40259 | Snake:5  | Killed Saint Roka
 40259 | Snake:5  | Reached XP level 17. HP: 96/124 MP: 29/32
 41439 | Snake:5  | Got a serpentine rune of Zot
 42098 | D:15     | Entered Level 15 of the Dungeon
 42108 | D:15     | Noticed Josephine
 42124 | D:15     | Killed Josephine
 42275 | D:15     | Received a gift from Nemelex Xobeh
 42553 | D:15     | Noticed Snorg
 42567 | D:15     | Killed Snorg
 42591 | D:15     | Killed a storm dragon
 42684 | D:15     | Received a gift from Nemelex Xobeh
 42902 | D:15     | Found a staircase to the Depths.
 43189 | D:15     | Found a portal to a secret trove of treasure.
 43370 | D:13     | Received a gift from Nemelex Xobeh
 43510 | D:13     | Found a gate to the Vaults.
 43524 | D:13     | Reached skill level 10 in Spellcasting
 43710 | D:13     | Killed a storm dragon
 43755 | D:13     | Got a twitching silver amulet
 43823 | D:13     | Identified the amulet "Ile Phegg" {Faith +Fly rElec rC- MP-9 Dex+4} (You took it off a big kobold on level 13 of the Dungeon)
 43951 | Vaults:1 | Entered Level 1 of the Vaults
 44209 | Vaults:1 | Paralysed by a giant eyeball for 4 turns
 44211 | Vaults:1 | HP: 6/124 [big kobold[a tengu reaver] (4)]
 44270 | Vaults:1 | Reached XP level 18. HP: 13/131 MP: 5/35
 44279 | Vaults:1 | Killed from afar by a water nymph

Action                   |  1- 3 |  4- 6 |  7- 9 | 10-12 | 13-15 | 16-18 || total
-------------------------+-------+-------+-------+-------+-------+-------++-------
Melee: Spear             |   160 |   295 |   233 |   739 |  2299 |  1229 ||  4955
       Halberd           |       |    79 |   176 |       |       |       ||   255
       Lance             |       |       |    11 |   179 |   425 |   285 ||   900
 Fire: Blowgun           |       |       |       |     1 |       |       ||     1
Throw: Tomahawk          |       |     5 |       |       |       |       ||     5
 Cast: Spectral Weapon   |       |       |       |       |       |    56 ||    56
       Blink             |       |       |       |       |       |     3 ||     3
       Phase Shift       |       |       |       |       |       |     1 ||     1
Invok: Deal Four         |       |       |       |       |     1 |     1 ||     2
Evoke: Deck              |       |       |    13 |    15 |    20 |    34 ||    82
       Wand              |       |       |     1 |     8 |     3 |     1 ||    13
       Lamp of fire      |       |       |       |       |     1 |       ||     1
       Rod               |       |       |       |       |       |     2 ||     2
  Use: Scroll            |       |     9 |     6 |    14 |    18 |     9 ||    56
 Stab: Paralysed         |       |       |     2 |    13 |     4 |       ||    19
       Invisible         |       |       |     1 |       |       |       ||     1
       Petrified         |       |       |       |       |     4 |       ||     4
       Distracted        |       |       |       |       |     1 |     4 ||     5
       Petrifying        |       |       |       |       |     1 |       ||     1
       Sleeping          |       |       |       |       |       |     1 ||     1
